 Dungeon Crawl Stone Soup version 0.28.0-43-g3370ac3207 (webtiles) character file.

Game seed: 14959813895321962679

3124 smarlow the Tainter (level 9, -1/58 HPs)
             Began as an Octopode Venom Mage on Mar 8, 2022.
             Was a Follower of Vehumet.
             Slain by a gnoll
             ... wielding a +0 club
              (8 damage)
             ... on level 9 of the Dungeon.
             The game lasted 00:54:15 (12305 turns).

smarlow the Tainter (Octopode Venom Mage)          Turns: 12305, Time: 00:54:15

Health: -1/58      AC:  1    Str:  7    XL:     9   Next: 91%
Magic:  12/18      EV: 15    Int: 21    God:    Vehumet [*.....]
Gold:   311        SH:  5    Dex: 13    Spells: 7/21 levels left

rFire   . . .      SeeInvis +   a - +1 dagger
rCold   . . .      Faith    .   (no shield)
rNeg    . . .      Spirit   .   p - +0 hat
rPois   .          Reflect  +   e - amulet of reflection
rElec   .          Harm     .   g - ring of see invisible
rCorr   .          Rampage  .   (no ring)
Will    .....                   (no ring)
Stlth   +++.......              (no ring)
HPRegen 0.19/turn               (no ring)
MPRegen 0.16/turn               (no ring)
                                (no ring)
                                (no ring)

@: slowed, very slow
A: almost no armour, amphibious, 8 rings, camouflage 1, gelatinous body 1,
(nimble swimmer 1), tentacles
a: Renounce Religion


You were on level 9 of the Dungeon.
You worshipped Vehumet.
Vehumet was aware of your devotion.
You visited 1 branch of the dungeon, and saw 10 of its levels.

You collected 389 gold pieces.
You spent 78 gold pieces at shops.

Inventory:

Hand Weapons
 a - a +1 dagger (weapon)
Missiles
 q - a throwing net
Armour
 p - a +0 hat (worn)
Jewellery
 e - an amulet of reflection (around mantle)
 g - a ring of see invisible (left tentacle)
Wands
 f - a wand of digging (3)
 i - a wand of iceblast (7)
Scrolls
 h - a scroll of amnesia
 j - 2 scrolls of enchant weapon
 l - a scroll of vulnerability
 n - a scroll of holy word
 o - a scroll of summoning
Potions
 b - 3 potions of curing
 d - 2 potions of flight
 k - a potion of attraction
 r - a potion of degeneration {unknown}


   Skills:
 + Level 3.9 Fighting
 + Level 5.2 Dodging
 - Level 2.6 Stealth
 * Level 6.5 Spellcasting
 + Level 0.5 Conjurations
 * Level 4.1 Translocations
 - Level 1.0 Transmutations
 + Level 5.5 Fire Magic
 + Level 8.5 Poison Magic


You had 7 spell levels left.
You knew the following spells:

 Your Spells              Type           Power      Damage    Failure   Level
a - Sting                 Tmut/Pois      100%       1d8       1%          1
b - Poisonous Vapours     Pois/Air       48%        N/A       2%          2
c - Ignite Poison         Fire/Tmut/Pois 28%        N/A       3%          3
d - Olgreb's Toxic Radia  Pois           42%        N/A       2%          4
e - Teleport Other        Tloc           24%        N/A       4%          3
f - Shock                 Conj/Air       28%        1d4       9%          1

Your spell library contained the following spells:

 Spells                   Type           Power      Damage    Failure   Level
 Gell's Gravitas          Tloc           24%        N/A       4%          3
 Lesser Beckoning         Tloc           24%        N/A       4%          3
 Mephitic Cloud           Conj/Pois/Air  19%        N/A       9%          3
 Freeze                   Ice            24%        1d5       10%         1
 Corpse Rot               Necr/Air       12%        N/A       14%         2
 Frozen Ramparts          Ice            12%        1d3       28%         3
 Hailstorm                Conj/Ice       7%         3d4       63%         4
 Freezing Cloud           Conj/Ice/Air   3%         6-21      94%         5


Dungeon Overview and Level Annotations

Branches:
Dungeon (10/15)            Temple (0/1) D:7
   Lair: D:8-11         Orc: D:9-12

Altars:
Cheibriados
Vehumet
Zin

Shops:
D:3 ([*

Annotations:
D:2 1 runed translucent door, Crazy Yiuf
D:3 2 transporters, fknight's ghost, amateur HOFi
D:10 Joseph


Innate Abilities, Weirdness & Mutations

You cannot wear most types of armour.
You are amphibious.
You can wear up to eight rings at the same time.
Your skin changes colour to match your surroundings (Stealth+).
Your rubbery body absorbs attacks. (AC +1, EV +1)
((You are camouflaged when in or above water. (Stealth+)))
You have tentacles for arms and can constrict up to eight enemies at once.


Message History

You kill the kobold!
Vehumet accepts your kill.
The kobold brigand throws a curare-tipped dart.
The curare-tipped dart hits you.
You are poisoned.
You have difficulty breathing.
You feel yourself slow down.
Casting: Olgreb's Toxic Radiance (dangerous; 2% risk of failure)
Confirm with . or Enter, or press ? or * to list all spells.
You ignite the poison in your surroundings!
The kobold brigand seems to burn from within!
The kobold brigand is severely wounded.
The kobold brigand is poisoned.
You feel very sick.
You hit the centaur warrior zombie but do no damage.
The kobold brigand looks even sicker.
Your toxic aura wanes.
You feel very sick.
You block the centaur warrior zombie's attack.
The centaur warrior zombie closely misses you.
You hit the kobold brigand. Your grab misses the kobold brigand.
Your squeeze misses the kobold brigand.
The kobold brigand is almost dead.
You feel sick.
You kill the kobold brigand!
Vehumet accepts your kill. The centaur warrior zombie hits you!
* * * LOW HITPOINT WARNING * * *
The centaur warrior zombie kicks you.
* * * LOW HITPOINT WARNING * * *
You feel better. The centaur warrior zombie hits you!
* * * LOW HITPOINT WARNING * * *
You block the centaur warrior zombie's attack.
The centaur warrior zombie barely misses you. x2
Blink to where?
Press: ? - help, Dir - move target
As you read the scroll of blinking, it crumbles to dust.
You climb upwards.
The gnoll shouts!
You block the gnoll's attack. The gnoll hits you with a +0 club!
You die...

#...##. .# #......
#. #...... ..
#...### .# #...##.
.# #...... ##.#
###...# #.g#
####.#.# #@#
#....#.# #.#
##.####.# #.# #..#
##.# #.# #.## #.)#
#.# #†####.##
#.########)##..)##
#.....)..).......)
##########..######
#...#


You could see a gnoll.

Vanquished Creatures
  Pikel (D:5)
  4 orc warriors (D:9)
  A sky beast (D:6)
  3 ogres
  A necrophage (D:2)
  3 centaurs
  2 kobold brigands (D:10)
  A bullfrog (D:9)
  A gnoll sergeant (D:9)
  Blork the orc (D:4)
  A wyvern skeleton (D:5)
  14 killer bees
  2 centaur zombies
  4 orc priests
  A hound (D:5)
  2 iguanas
  Ijyb (D:3)
  4 orc wizards (D:9)
  A hound skeleton (D:2)
  2 adders
  9 gnolls
  4 worms
  5 dart slugs
  17 orcs
  12 ball pythons
  3 bats
  6 endoplasms
  3 giant cockroaches (D:2)
  7 goblins
  3 hobgoblins
  3 jackals (D:3)
  18 kobolds
  3 quokkas
  3 frilled lizards
  12 rats
158 creatures vanquished.

Vanquished Creatures (others)
  A quokka (D:9)
  A fungus (D:2)
  9 plants (D:1)
11 creatures vanquished.

Grand Total: 169 creatures vanquished

Notes
Turn   | Place    | Note
-------+----------+-------------------------------------------
     0 | D:1      | smarlow the Octopode Venom Mage began the quest for the
                  | Orb.
     0 | D:1      | Reached XP level 1. HP: 11/11 MP: 3/3
   270 | D:1      | Reached XP level 2. HP: 14/17 MP: 3/5
   332 | D:1      | Learned a level 2 spell: Poisonous Vapours
   481 | D:1      | Reached skill level 4 in Poison Magic
   730 | D:1      | Reached XP level 3. HP: 21/21 MP: 3/6
  1759 | D:2      | Found a faded altar of an unknown god.
  1783 | D:2      | Reached XP level 4. HP: 21/27 MP: 4/8
  2066 | D:2      | Noticed a necrophage
  2330 | D:3      | Found a transporter.
  2330 | D:3      | Noticed fknight's ghost (amateur HOFi)
  2363 | D:3      | Found Goebetij's Antique Armour Shoppe.
  2385 | D:3      | Found Obig's General Store.
  2391 | D:3      | Bought a scroll of identify for 26 gold pieces
  2733 | D:3      | Found Tafies's Antique Weapon Shoppe.
  2962 | D:3      | Reached XP level 5. HP: 32/32 MP: 1/9
  2964 | D:3      | Reached skill level 1 in Fighting
  3256 | D:3      | Found a snail-covered altar of Cheibriados.
  3475 | D:4      | Noticed an ogre
  3507 | D:4      | Noticed Blork the orc
  3546 | D:3      | HP: 1/33 [iguana (7)]
  3547 | D:3      | Found a transporter.
  3896 | D:4      | Noticed Ijyb
  3929 | D:3      | Killed Ijyb
  3930 | D:3      | Reached skill level 5 in Poison Magic
  4270 | D:3      | Learned a level 3 spell: Ignite Poison
  4553 | D:5      | Entered Level 5 of the Dungeon
  4692 | D:5      | Reached XP level 6. HP: 32/39 MP: 0/11
  5244 | D:6      | Noticed a sky beast
  5278 | D:5      | Reached skill level 1 in Fire Magic
  5509 | D:5      | Found a radiant altar of Vehumet.
  5519 | D:5      | Became a worshipper of Vehumet
  5697 | D:5      | Noticed a water moccasin
  6021 | D:4      | Reached XP level 7. HP: 45/45 MP: 3/13
  6396 | D:4      | Killed Blork the orc
  6619 | D:5      | Noticed Pikel
  6642 | D:5      | Killed Pikel
  6643 | D:5      | Reached skill level 5 in Spellcasting
  6643 | D:5      | Reached skill level 6 in Poison Magic
  6643 | D:5      | Reached XP level 8. HP: 50/50 MP: 4/15
  7157 | D:7      | Learned a level 4 spell: Olgreb's Toxic Radiance
  7161 | D:7      | Learned a level 3 spell: Teleport Other
  7204 | D:7      | Found a staircase to the Ecumenical Temple.
  7327 | D:7      | Reached skill level 7 in Poison Magic
  7880 | D:7      | Reached skill level 1 in Translocations
  9075 | D:2      | Found a runed translucent door.
  9076 | D:2      | Noticed Crazy Yiuf
  9286 | D:3      | Bought a scroll of identify for 26 gold pieces
  9286 | D:3      | Bought a scroll of identify for 26 gold pieces
 10156 | D:8      | Reached XP level 9. HP: 38/55 MP: 14/17
 10589 | D:8      | Found a glowing silver altar of Zin.
 10676 | D:9      | Reached skill level 8 in Poison Magic
 11190 | D:9      | Reached skill level 5 in Fire Magic
 11830 | D:9      | Reached skill level 5 in Dodging
 11878 | D:9      | Reached * piety under Vehumet
 11878 | D:9      | Offered knowledge of Shock by Vehumet.
 11948 | D:9      | Learned a level 1 spell: Shock
 11975 | D:10     | Entered Level 10 of the Dungeon
 12171 | D:10     | Noticed Joseph
 12305 | D:9      | Slain by a gnoll

Illustrated notes

Levels and vault maps discovered:
D:1:      dpeg_arrival_arbitrary_c, layout_loops_ring, lexackson_kobold_supper
D:2:      layout_loops_ring, ebering_ecumenical_altar_mist,
          nicolae_elevator_lobby_plus, uniq_crazy_yiuf_cottage
D:3:      layout_basic, mainiacjoe_overflow_concentric_impassable,
          gammafunk_ghost_mausoleum, serial_shops, shop, shop,
          nicolae_shop_advertising_works [nicolae_subvault_shop_adworks]
D:4:      layout_basic, uniq_ijyb, uniq_blork_the_orc
D:5:      layout_basic, lemuel_tele_altar, uniq_pikel
D:6:      layout_cave_pools, tgw_trog,
          chequers_temple_overflow_statue_of_worship,
          lemuel_mausoleum_altar_yredelemnul
D:7:      layout_basic, minmay_temple_entry_wispy, serial_aquarium,
          aquarium_bridge_long_separate [aquarium_subvault_bridge,
          aquarium_subvault_bridge, aquarium_subvault_window,
          aquarium_subvault_bridge, aquarium_subvault_balcony,
          aquarium_subvault_wall], aquarium_window_2,
          aquarium_window_corridor_3, aquarium_window_fake, aquarium_view_2f,
          aquarium_pool_side
D:8:      layout_cave_pools, old_standard_altar, dpeg_oklobed_lair
D:9:      layout_rooms, elyvilon_altar_4
D:10:     layout_roguey, mainiacjoe_overflow_small_starburst, orc_0_dummy,
          enter_bailey_2, nicolae_trove_entry_path_of_doom,
          nrook_mini_backslash, minmay_misc_feat_doors, uniq_joseph

Skill      XL: |  1  2  3  4  5  6  7  8  9 |
---------------+----------------------------+-----
Poison Magic   | 4 5 6 7 8 |  8.5
Dodging        | 3 4 5 |  5.2
Spellcasting   | 3 4 5 6 |  6.5
Fighting       | 1 2 3 |  3.9
Fire Magic     | 1 3 4 5 |  5.5
Translocations | 1 4 |  4.1
Stealth        | |  2.6
Conjurations   | |  0.5
Transmutations | |  1.0

Action                   |  1- 3 |  4- 6 |  7- 9 || total
-------------------------+-------+-------+-------++-------
Melee: Unarmed           |     3 |       |       ||     3
       Constrict         |     3 |     1 |     7 ||    11
       Dagger            |    10 |     8 |    66 ||    84
       Tentacles         |     5 |       |    28 ||    33
Throw: Throwing net      |       |       |     2 ||     2
 Cast: Sting             |    53 |    65 |     8 ||   126
       Poisonous Vapours |       |    51 |    42 ||    93
       Ignite Poison     |       |     2 |    20 ||    22
       Teleport Other    |       |       |    30 ||    30
       Olgreb's Toxic Ra |       |       |    23 ||    23
  Use: Scroll            |       |     4 |    13 ||    17
       Potion            |       |       |     4 ||     4
 Stab: Sleeping          |       |       |     2 ||     2
Armor: Skin              |     2 |     1 |     6 ||     9
Dodge: Dodged            |    19 |    46 |    87 ||   152
Block: Other             |       |       |    20 ||    20
       Reflection        |       |       |     3 ||     3
